 Dungeon Crawl Stone Soup version 0.28-a0-620-g539b0f7ac7 (webtiles) character file.

Game seed: 2615109012074815203

38042 lunkers the Brawler (level 13, -7/137 HPs)
             Began as a Troll Cinder Acolyte on Oct 6, 2021.
             Was a High Priest of Ignis.
             Mangled by a ten-headed hydra (10 damage)
             ... on level 5 of the Lair of Beasts on Oct 7, 2021.
             The game lasted 00:34:34 (14609 turns).

lunkers the Brawler (Troll Cinder Acolyte)         Turns: 14609, Time: 00:34:34

Health: -7/137     AC:  6    Str: 25    XL:     13   Next: 61%
Magic:  13/13      EV: 15    Int: 10    God:    Ignis [*****.]
Gold:   2019       SH:  7    Dex:  9    Spells: 14/14 levels left

rFire   + . .      SeeInvis +     - Unarmed
rCold   + . .      Faith    .   g - +0 kite shield
rNeg    . . .      Spirit   .   a - +0 robe
rPois   .          Reflect  .   P - +0 mask of the Dragon {Will+ Slay+3 SInv}
rElec   .          Harm     .   y - +1 cloak of Too Many Cooks {rC+ Will+}
rCorr   .          Rampage  .   (gloves unavailable)
Will    ++...                   (boots unavailable)
Stlth   +.........              i - amulet of regeneration
HPRegen 2.32/turn               h - +4 ring of evasion
MPRegen 0.13/turn               m - +4 ring of evasion

@: mighty
A: large, unfitting armour, claws 3, regeneration 1, shaggy fur 1, tough skin 1
a: Renounce Religion, Sea of Fire, Foxfire Swarm, Rising Flame


You were on level 5 of the Lair of Beasts.
You worshipped Ignis.
Ignis was extremely pleased with you.
You visited 2 branches of the dungeon, and saw 15 of its levels.
You also visited: Sewer and Bailey.

You collected 2019 gold pieces.

Inventory:

Missiles
 s - 6 javelins
 z - 207 stones
 A - 2 atropa-tipped darts
 D - 70 boomerangs (quivered)
 K - 3 boomerangs of dispersal
 L - 32 poisoned darts
 M - 2 large rocks
Armour
 a - a +0 robe (worn)
 g - a +0 kite shield (worn)
 y - the +1 cloak of Too Many Cooks (worn) {rC+ Will+}
   (You acquired it in a bailey)

   rC:        It protects you from cold.
   Will:      It increases your willpower.
 P - the +0 mask of the Dragon (worn) {Will+ Slay+3 SInv}
   (You acquired it on level 2 of the Lair of Beasts)

   Slay:      It affects your accuracy & damage with ranged weapons and melee
   (+3).
   SInv:      It lets you see invisible.
   Will:      It increases your willpower.
Jewellery
 b - an amulet of guardian spirit
 f - a +4 ring of evasion
 h - a +4 ring of evasion (left claw)
 i - an amulet of regeneration (around neck)
 m - a +4 ring of evasion (right claw)
 r - a +6 ring of dexterity
 t - a ring of see invisible
 v - a +4 ring of evasion
Wands
 C - a wand of paralysis (6)
 I - a wand of polymorph (15)
Scrolls
 d - 4 scrolls of fear
 e - 3 scrolls of enchant armour
 l - 5 scrolls of blinking
 q - 3 scrolls of teleportation
 u - a scroll of magic mapping
 B - 2 scrolls of enchant weapon
 J - a scroll of identify
Potions
 c - 5 potions of flight
 k - 3 potions of might
 n - 2 potions of ambrosia
 o - 3 potions of lignification
 p - 4 potions of curing
 w - 3 potions of brilliance
 x - 2 potions of invisibility
 E - 3 potions of heal wounds
 F - 2 potions of magic
 G - 2 potions of mutation
 H - a potion of haste


   Skills:
 + Level 11.3 Fighting
 + Level 0.0 Throwing
 * Level 2.2 Shields
 * Level 18.1 Unarmed Combat
 - Level 1.0 Spellcasting
 - Level 2.1 Fire Magic
 - Level 6.0 Evocations


You had 14 spell levels left.
You didn't know any spells.
Your spell library contained the following spells:

 Spells                   Type           Power      Damage    Failure   Level
 Scorch                   Fire           8%         2d5       65%         2
 Animate Skeleton         Necr           0%         N/A       82%         1
 Apportation              Tloc           0%         N/A       82%         1
 Pain                     Necr           0%         1d4       82%         1
 Summon Small Mammal      Summ           0%         N/A       82%         1
 Vampiric Draining        Necr           0%         2d6       99%         3
 Summon Ice Beast         Ice/Summ       0%         N/A       100%        4
 Alistair's Intoxication  Tmut/Pois      0%         N/A       100%        5
 Summon Mana Viper        Hex/Summ       0%         N/A       100%        5
 Invisibility             Hex            0%         N/A       100%        6
 Monstrous Menagerie      Summ           0%         N/A       100%        7


Dungeon Overview and Level Annotations

Branches:
Dungeon (10/15)            Temple (0/1) D:7            Lair (5/6) D:10
  Swamp (0/4) Lair:3       Spider (0/4) Lair:3          Orc (0/2) D:10
  Sewer (visited)          Bailey (visited)
  Slime: Lair:5-6

Altars:
Dithmenos
Fedhas
Gozag
Kikubaaqudgha
Makhleb
Nemelex Xobeh
Okawaru
Qazlal
Trog
Uskayaw
Wu Jian
Xom
The Shining One

Shops:
D:9 *

Annotations:
D:3 exclusion: oklob plant
Lair:1 1 runed translucent door, mdk's ghost, journeyman OgHu


Innate Abilities, Weirdness & Mutations

You are too large for most types of armour.
You have claws for hands.
Your natural rate of healing is unusually fast.
You are covered in fur. (AC +1)
You have tough skin. (AC +1)


Message History

Throw: 7 javelins
Press: ? - help, Shift-Dir - straight line, f - wolf, p - ten-headed hydra
Aim: a wolf (48% to hit)
You throw a javelin.
The javelin pierces through the ten-headed hydra!
The ten-headed hydra is almost dead.
The javelin pierces through the wolf.
The wolf is moderately wounded.
The ten-headed hydra bites you.
* * * LOW HITPOINT WARNING * * *
The ten-headed hydra completely misses you.
The ten-headed hydra misses you.
The ten-headed hydra closely misses you.
The ten-headed hydra bites you.
* * * LOW HITPOINT WARNING * * *
The ten-headed hydra bites you but does no damage.
The ten-headed hydra bites you.
* * * LOW HITPOINT WARNING * * *
The ten-headed hydra bites you!
* * * LOW HITPOINT WARNING * * *
The ten-headed hydra bites you!
* * * LOW HITPOINT WARNING * * *
The ten-headed hydra bites you.
* * * LOW HITPOINT WARNING * * *
The wolf bites you but does no damage.
A yak comes into view.
You feel very mighty all of a sudden.
The wolf pauses to sniff the ground.
The wolf misses you.
You block the ten-headed hydra's attack.
The ten-headed hydra bites you!
* * * LOW HITPOINT WARNING * * *
The ten-headed hydra bites you!
* * * LOW HITPOINT WARNING * * *
The ten-headed hydra bites you!
* * * LOW HITPOINT WARNING * * *
The ten-headed hydra misses you. The ten-headed hydra bites you!
* * * LOW HITPOINT WARNING * * *
The ten-headed hydra bites you!
You die...

.....††...#.....
..........#...# .##.###
...........### ......#
..........##.## .......
.......#†.#...# .......
#..#..#.....### .....(.
###........##)### .Y.....
.P.#.....#..†..##.......
................@D.......
.................h.......
#.P#.....................
.l.≈....................
≈≈≈≈≈..................
≈≈≈≈≈≈................
≈≈≈≈≈≈≈..............
≈≈###############


You could see a ten-headed hydra (corroded), a yak (wandering) and a wolf.

Vanquished Creatures
  Snorg (D:10)
  A boulder beetle (Lair:4)
  5 hydras
  Erica (D:7)
  2 two-headed ogres (D:10)
  Urug (Lair:4)
  4 bog bodies (Lair:3)
  26 elephants
  2 black mambas
  10 cane toads
  Psyche (D:9)
  3 gargoyles
  5 komodo dragons
  8 blink frogs
  2 jumping spiders (Lair:3)
  Prince Ribbit (D:5)
  6 dream sheep (Lair:4)
  25 yaks
  A shadow (D:9)
  7 wyverns
  Grum (D:7)
  A steam dragon (D:8)
  A basilisk (Lair:3)
  2 swamp worms (Lair:3)
  6 water moccasins
  3 ice beasts
  2 black bears
  2 sky beasts (D:7)
  4 orc warriors
  13 wolves
  An ogre (D:4)
  3 centaurs
  2 phantoms
  A kobold brigand (D:8)
  Blork the orc (D:4)
  3 gnoll sergeants
  2 scorpions
  10 bullfrogs
  A wyvern zombie (D:8)
  A wyvern skeleton (D:6)
  A water moccasin skeleton (D:7)
  An electric eel (Lair:3)
  2 howler monkeys
  A bullfrog zombie (D:6)
  3 centaur zombies
  3 hounds
  A jelly (D:7)
  7 orc priests
  2 centaur skeletons
  An iron imp (D:7)
  A scorpion zombie (D:5)
  2 iguanas
  8 orc wizards
  2 killer bee zombies
  A hound skeleton (D:2)
  22 gnolls
  21 adders
  A shadow imp (D:7)
  2 white imps
  2 adder skeletons (D:4)
  2 worms (D:3)
  3 dart slugs
  41 orcs
  3 bats
  20 endoplasms
  19 giant cockroaches
  12 goblins
  20 hobgoblins
  4 jackals (D:4)
  11 quokkas
  18 ball pythons
  12 frilled lizards
  2 goblin skeletons (D:7)
  4 goblin zombies (D:7)
  2 hobgoblin zombies (D:7)
  26 kobolds
  A kobold zombie (D:7)
  10 rats
466 creatures vanquished.

Vanquished Creatures (others)
  20 fungi
  9 plants
29 creatures vanquished.

Grand Total: 495 creatures vanquished

Notes
Turn   | Place    | Note
-------+----------+-------------------------------------------
     0 | D:1      | lunkers the Troll Cinder Acolyte began the quest for the
                  | Orb.
     0 | D:1      | Reached XP level 1. HP: 22/22 MP: 1/1
   215 | D:1      | Reached XP level 2. HP: 29/29 MP: 2/2
   621 | D:1      | Reached XP level 3. HP: 36/36 MP: 3/3
   800 | D:1      | Reached skill level 4 in Unarmed Combat
  1047 | D:2      | Reached XP level 4. HP: 41/45 MP: 4/4
  1065 | D:2      | Found a faded altar of an unknown god.
  1749 | D:3      | Found a blossoming altar of Fedhas.
  1768 | D:3      | Noticed an oklob plant
  1846 | D:3      | Found an iron altar of Okawaru.
  2057 | D:3      | Reached skill level 5 in Unarmed Combat
  2068 | D:3      | Reached XP level 5. HP: 52/53 MP: 5/5
  2649 | D:4      | Found a glowing drain.
  2707 | D:4      | Noticed an ogre
  2715 | D:4      | Killed an ogre
  2716 | D:4      | Reached skill level 6 in Unarmed Combat
  2716 | D:4      | Reached XP level 6. HP: 38/60 MP: 6/6
  2799 | Sewer    | Entered a sewer
  3072 | Sewer    | Reached skill level 7 in Unarmed Combat
  3072 | Sewer    | Reached XP level 7. HP: 63/70 MP: 7/7
  3373 | D:4      | Noticed Blork the orc
  3380 | D:4      | Killed Blork the orc
  3720 | D:4      | Found a shimmering altar of Xom.
  3755 | D:4      | Found a hide-covered altar of Uskayaw.
  3761 | D:4      | Found a shadowy altar of Dithmenos.
  3763 | D:4      | Found an opulent altar of Gozag.
  4256 | D:5      | Entered Level 5 of the Dungeon
  4422 | D:5      | Noticed Prince Ribbit
  4433 | D:5      | Reached skill level 8 in Unarmed Combat
  4453 | D:5      | Killed Prince Ribbit
  4454 | D:5      | Reached skill level 5 in Fighting
  4454 | D:5      | Reached XP level 8. HP: 59/80 MP: 8/8
  4744 | D:5      | Reached skill level 9 in Unarmed Combat
  5779 | D:6      | Reached skill level 10 in Unarmed Combat
  5781 | D:6      | Reached XP level 9. HP: 89/89 MP: 9/9
  6330 | D:7      | Reached skill level 11 in Unarmed Combat
  6350 | D:7      | Found a staircase to the Ecumenical Temple.
  6522 | D:7      | Found a glowing golden altar of the Shining One.
  6744 | D:7      | Identified the +3 leather armour of the Unbroken {Int+2
                  | Slay+5}
  6832 | D:8      | Noticed Grum
  6832 | D:8      | Noticed Erica
  6849 | D:7      | Killed Grum
  6856 | D:7      | Killed Erica
  6857 | D:7      | Reached skill level 12 in Unarmed Combat
  6857 | D:7      | Reached XP level 10. HP: 70/102 MP: 10/10
  7047 | D:8      | Found a bloodstained altar of Trog.
  7096 | D:8      | Noticed a gargoyle
  7117 | D:8      | Killed a gargoyle
  7190 | D:8      | Found a sparkling altar of Nemelex Xobeh.
  7212 | D:8      | Found a stormy altar of Qazlal.
  7456 | D:9      | Found a flagged portal.
  7471 | Bailey   | Entered a bailey
  7814 | Bailey   | Acquired 1031 gold pieces
  7816 | Bailey   | Acquired the +1 cloak of Too Many Cooks {rC+ Will+}
  7961 | D:9      | Noticed Psyche
  7969 | D:9      | Killed Psyche
  7981 | D:9      | Found an ancient bone altar of Kikubaaqudgha.
  8167 | D:9      | Reached skill level 13 in Unarmed Combat
  8205 | D:9      | Found Simiash's Gadget Gallery.
  8455 | D:9      | Found a burning altar of Makhleb.
  8643 | D:10     | Entered Level 10 of the Dungeon
  8667 | D:10     | Noticed Snorg
  8667 | D:10     | Noticed a two-headed ogre
  8686 | D:10     | Killed a two-headed ogre
  8705 | D:10     | Killed Snorg
  8901 | D:10     | Reached skill level 14 in Unarmed Combat
  8922 | D:10     | Found a staircase to the Orcish Mines.
  8965 | D:10     | Noticed a gargoyle
  8970 | D:10     | Killed a gargoyle
  8971 | D:10     | Reached XP level 11. HP: 113/113 MP: 11/11
  9276 | D:10     | Noticed a two-headed ogre
  9283 | D:10     | Killed a two-headed ogre
  9285 | D:10     | Found a staircase to the Lair.
  9607 | D:10     | Found an ornate altar of the Wu Jian Council.
 10098 | D:10     | Identified the +10 short sword of Analysis {drain, rCorr
                  | Int+3}
 10101 | Lair:1   | Entered Level 1 of the Lair of Beasts
 10148 | Lair:1   | Noticed a seven-headed hydra
 10156 | Lair:1   | Killed a seven-headed hydra
 10240 | Lair:1   | Reached skill level 1 in Evocations
 10276 | Lair:1   | Found a runed translucent door.
 10276 | Lair:1   | Noticed mdk's ghost (journeyman OgHu)
 10276 | Lair:1   | Identified the +7 trident of Past Mistakes {vorpal, Stlth+}
 10567 | Lair:1   | Reached skill level 15 in Unarmed Combat
 10724 | Lair:1   | Noticed a seven-headed hydra
 10734 | Lair:1   | Killed a seven-headed hydra
 10969 | Lair:2   | Acquired the +0 mask of the Dragon {Will+ Slay+3 SInv}
 10969 | Lair:2   | Found the +0 mask of the Dragon {Will+ Slay+3 SInv}
 11218 | Lair:2   | Noticed a six-headed hydra
 11225 | Lair:2   | Killed a six-headed hydra
 11280 | Lair:2   | Reached XP level 12. HP: 126/126 MP: 12/12
 11894 | Lair:3   | Found a hole to the Spider Nest.
 12029 | Lair:3   | Reached skill level 16 in Unarmed Combat
 12032 | Lair:3   | Reached skill level 10 in Fighting
 12532 | Lair:3   | Found a staircase to the Swamp.
 12621 | Lair:3   | Noticed a five-headed hydra
 12630 | Lair:3   | Killed a five-headed hydra
 12631 | Lair:3   | Reached skill level 17 in Unarmed Combat
 12991 | Lair:4   | Noticed a seven-headed hydra
 13032 | Lair:4   | Reached skill level 5 in Evocations
 13076 | Lair:4   | Noticed Urug
 13083 | Lair:4   | Killed Urug
 13136 | Lair:4   | Reached XP level 13. HP: 124/135 MP: 13/13
 13271 | Lair:4   | Found a hide-covered altar of Uskayaw.
 13273 | Lair:4   | Found an ornate altar of the Wu Jian Council.
 14427 | Lair:4   | Reached skill level 1 in Shields
 14469 | Lair:4   | Reached skill level 18 in Unarmed Combat
 14609 | Lair:5   | HP: 3/137 [ten-headed hydra (12)]
 14609 | Lair:5   | Mangled by a ten-headed hydra

Illustrated notes

Levels and vault maps discovered:
D:1:      dpeg_arrival_arbitrary_a, layout_loops_corners, chequers_avenue
D:2:      layout_loops_ring, ebering_ecumenical_altar_box, grunt_ministairs_2,
          grunt_decor_one_mirror
D:3:      minmay_thinvault, layout_loops_ring, tgw_fedhas, lemuel_doored_altar
D:4:      layout_layer_cave, grunt_temple_overflow_open, gup_sewer_entry_glass,
          serial_glass, glass_columns_a, glass_columns_a, uniq_blork_the_orc
D:5:      layout_rooms, uniq_prince_ribbit1
D:6:      layout_layer_cave, hangedman_glass_teeth
D:7:      layout_gridville, nicolae_tso_besieged_by_evil,
          minmay_temple_entry_wispy
D:8:      layout_rooms, mainiacjoe_overflow_six_doors_small,
          nemelex_spade_bored_becter, mainiacjoe_overflow_paths, uniq_grum,
          uniq_erica
D:9:      minmay_angry_zag, layout_loops_ring, marbit_many_paths,
          mainiacjoe_overflow_surrounded_room, enter_bailey_3,
          nicolae_shop_gadgets, uniq_psyche
D:10:     layout_layer_cave, pdpol_wu_jian_five_deadly_venoms, lair_entry_dummy,
          hiddenorc1_lemuel, uniq_snorg
Lair:1:   layout_regular_city, ebering_ghost_funeral_grove
Lair:2:   layout_regular_city, serial_bayou_shore_b,
          infiniplex_staircase_pool_2, serial_bayou_shore_a, grunt_megastairs_5
Lair:3:   layout_big_grid, nicolae_swamp_entry_splash_gauntlet,
          spider_nest_entry_a, serial_rivers, chequers_serial_rivers_large_b,
          chequers_serial_rivers_room_b, chequers_serial_rivers_micro_a,
          chequers_serial_rivers_micro_e, chequers_serial_rivers_micro_b
Lair:4:   layout_cave_pods, nzn_masters_of_martial_movement, uniq_urug
Lair:5:   statuecave_lemuel, layout_cave_pods, beast_lair_carwin_10

Skill      XL: |  1  2  3  4  5  6  7  8  9 10 11 12 13 |
---------------+----------------------------------------+-----
Unarmed Combat | 4 5 6 7 8 10 12 14 15 17 18 | 18.1
Fighting       | 3 4 5 6 7 8 9 10 11 | 11.3
Evocations     | 3 5 6 |  6.0
Shields        | 2 |  2.2
Spellcasting   | |  1.0
Fire Magic     | |  2.1

Action                   |  1- 3 |  4- 6 |  7- 9 | 10-12 | 13-15 || total
-------------------------+-------+-------+-------+-------+-------++-------
Melee: Unarmed           |    64 |   280 |   268 |   528 |   156 ||  1296
       Bite              |       |     1 |    10 |    40 |     7 ||    58
Throw: Boomerang         |       |       |       |    59 |    25 ||    84
       Javelin           |       |       |       |       |     1 ||     1
Evoke: Wand              |       |       |       |    29 |     9 ||    38
  Use: Scroll            |       |       |    13 |    11 |       ||    24
       Potion            |       |       |       |     4 |     1 ||     5
 Stab: Sleeping          |       |       |       |     1 |       ||     1
Armor: Robe              |    24 |   105 |    61 |    98 |    64 ||   352
Dodge: Dodged            |    19 |   120 |   187 |   423 |   134 ||   883
Block: Kite shield       |       |       |       |       |    22 ||    22

Table legend: (Time is in decaauts)
 A = Elapsed time spent in this place.
 B = Non-inter-level travel time spent in this place.
 C = Inter-level travel time spent in this place.
 D = Time resting spent in this place.
 E = Time spent auto-exploring this place.
 F = Levels seen in this place.
 G = Mean time per level.
                   A        B        C        D        E       F      G
               +--------+--------+--------+--------+--------+-----+--------+
         Total |  14559 |  13790 |    769 |    204 |  10787 |  17 |  856.4 |
       Dungeon |   9296 |   8874 |    422 |    179 |   7182 |  10 |  929.6 |
          Lair |   4400 |   4054 |    346 |     25 |   3178 |   5 |  880.0 |
         Sewer |    507 |    507 |      0 |      0 |    273 |   1 |  507.0 |
        Bailey |    355 |    355 |      0 |      0 |    154 |   1 |  355.0 |
               +--------+--------+--------+--------+--------+-----+--------+

Top non-repeatable levels by time:
    D:10: 1484 daAuts
     D:4: 1297 daAuts
  Lair:4: 1264 daAuts
     D:6: 1216 daAuts
  Lair:3: 1188 daAuts
     D:3: 1036 daAuts
     D:1: 1018 daAuts
  Lair:2: 950 daAuts
     D:9: 891 daAuts
  Lair:1: 879 daAuts
     D:7: 684 daAuts
     D:2: 584 daAuts
     D:5: 558 daAuts
     D:8: 525 daAuts
   Sewer: 507 daAuts
